 Dungeon Sprint DCSS version 0.18-a0-1782-gb76a692 (webtiles) character file.

280908 Kidiri the Unseen (level 13, 52/61 HPs)
             Began as a Spriggan Enchanter on Apr 18, 2016.
             Was the Champion of Dithmenos.
             Escaped with the Orb!
             The game lasted 00:17:55 (3173 turns).

Kidiri the Unseen (Spriggan Enchanter)              Turns: 3173, Time: 00:17:55

Health: 52/61      AC:  7    Str: 10    XL:     13   Next: 1%
Magic:  30/30      EV: 34    Int: 19    God:    Dithmenos [******]
Gold:   2618       SH:  0    Dex: 19    Spells: 8 memorised, 24 levels left

rFire  + . .     SeeInvis +     m - +11 rapier "Arbiter" {elec, *Corrode rN++ Str+6}
rCold  . . .     Gourm    .     p - +2 robe
rNeg   + + .     Faith    .     (shield restricted)
rPois  .         Spirit   .     (helmet restricted)
rElec  .         Dismiss  .     v - +2 cloak
rCorr  .         Reflect  .     (gloves unavailable)
SustAt .         Harm     .     (boots unavailable)
MR     +++..     NoTele   +     (no amulet)
Stlth  ++++++....               (no ring)
                                (no ring)

@: wreathed by umbra, very quick, extremely resistant to hostile enchantments,
very stealthy
A: unfitting armour, see invisible, fire resistance 1, herbivore 3, speed 3,
frail 1, low mp 1, magic resistance 1, slow metabolism 2
a: Shadow Step, Shadow Form, Renounce Religion
0: Orb of Zot


You escaped.
You worshipped Dithmenos.
Dithmenos was exalted by your worship.
You were not hungry.

You visited 1 branch You collected 4544 gold pieces.
You spent 1926 gold pieces at shops.

Inventory:

Hand Weapons
 m - the +11 rapier "Arbiter" (weapon) {elec, *Corrode rN++ Str+6}
   (You bought it in a shop in the Dungeon)

   Occasionally, upon striking a foe, it will discharge some electrical energy
   and cause terrible harm.
   It affects your strength (+6).
   It greatly protects you from negative energy.
   It may corrode you when you take damage.
Missiles
 k - a throwing net (quivered)
Armour
 p - a +2 robe (worn)
 v - a +2 cloak (worn)
Wands
 l - a wand of iceblast (13/15)
Scrolls
 b - a scroll of recharging
 j - a scroll of blinking
 q - a scroll of identify
 s - a scroll of enchant weapon
Potions
 a - 2 potions of brilliance {unknown}
 c - a potion of agility {unknown}
 e - 3 potions of curing
 g - a potion of haste
 h - 2 potions of magic
 i - a potion of berserk rage
 o - a potion of might {unknown}
 t - a potion of ambrosia {unknown}
Books
 n - a book of Spatial Translocations

   Spells                             Type                      Level
   a - Apportation                    Translocation                1
   b - Blink                          Translocation                2
   c - Shroud of Golubria             Charms/Translocation         2
   d - Portal Projectile              Translocation                3
   e - Teleport Other                 Translocation                3
   f - Passage of Golubria            Translocation                4
Miscellaneous
 r - a plain deck of summoning {the Pentagram}
Comestibles
 d - 5 bread rations


   Skills:
 + Level 7.9 Fighting
 * Level 14.4 Short Blades
 + Level 7.3 Armour
 * Level 17.9 Dodging
 * Level 19.5 Stealth
 * Level 15.8 Spellcasting
 + Level 7.0 Conjurations
 + Level 11.8 Hexes
 + Level 9.2 Charms
 + Level 8.7 Translocations
 + Level 7.8 Ice Magic
 - Level 2.6 Invocations


You had 24 spell levels left.
You knew the following spells:

 Your Spells              Type           Power        Failure   Level  Hunger
a - Corona                Hex            ######.      1%          1    None
b - Ensorcelled Hibernat  Hex/Ice        ######       1%          2    None
c - Confuse               Hex            ######..     1%          3    None
d - Tukima's Dance        Hex            ######..     1%          3    None
e - Dazzling Spray        Conj/Hex       ######..     1%          3    None
f - Shroud of Golubria    Chrm/Tloc      #####.....   1%          2    None
g - Passage of Golubria   Tloc           N/A          1%          4    None
h - Apportation           Tloc           #####.....   1%          1    None


Dungeon Overview and Level Annotations

Branches:
Dungeon (1/1)

Altars:
Cheibriados
Dithmenos
Elyvilon
Fedhas
Gozag
Kikubaaqudgha
Makhleb
Nemelex Xobeh
Okawaru
Pakellas
Qazlal
Ru
Sif Muna
Trog
Vehumet
Xom
Yredelemnul
Zin
The Shining One
Jiyva

Shops:
D ![%%?%!%?*:[[%=}((}[([

Annotations:
D Lom Lobon, Norris, Tiamat


Innate Abilities, Weirdness & Mutations

You are tiny and cannot use many weapons and most armour.
You have supernaturally acute eyesight.
You are a herbivore.
You cover ground extremely quickly.
You need consume almost no food.
Your flesh is heat resistant.
You are frail (-10% HP).
Your magical capacity is low (-10% MP).
You are resistant to hostile enchantments.


Message History

You close the door.
There is an open door here.
You close the door.
There is an open door here.
You close the door.
There is an open door here.
You close the door.
There is an open door here.
Things that are here:
a scythe; a robe You close the door.
There is an open door here.
You see here a giant spiked club.
You close the door.
There is an open door here.
As you close the door, it creaks loudly!
There is an open door here.
You close the door.
There is a staircase leading out of the dungeon here.
You have escaped!

##################
#@.#..+..#.)+..#__
#..+..#.)+..#..+..
#..#####+#####+#__
#..####..#...#.###
#..#__####..##[#§≈
#..#_.___##+#..+§≈
#⌠⌠#_.∩...+.(._#§§
####_..._##_)#+##+
*,,#_____###+#(#[.


There were no monsters in sight!

Vanquished Creatures
  A golden dragon (D)
  A shadow dragon (D)
  4 fire giants (D)
  A lorocyproca (D)
  A hydra (D)
  2 centaur warriors (D)
  Sonja (D)
  A deep troll (D)
  7 unseen horrors (D)
  A lindwurm (D)
  An oklob plant (D)
  8 shining eyes (D)
  A gargoyle (D)
  2 kobold demonologists (D)
  4 demonic crawlers (D)
  A slime creature (D)
  Sigmund (D)
  2 redbacks (D)
  A yak (D)
  13 hogs (D)
  7 giant eyeballs (D)
  A wasp (D)
  7 necrophages (D)
  An ogre (D)
  8 jellies (D)
  Ijyb (D)
  2 ballistomycetes (D)
  A giant spore (D)
82 creatures vanquished.

Vanquished Creatures (others)
  A gargoyle (D)
  A giant spore (D)
2 creatures vanquished.

Grand Total: 84 creatures vanquished

Notes
Turn   | Place    | Note
--------------------------------------------------------------
     0 | D        | Kidiri the Spriggan Enchanter began the quest for the Orb.
     0 | D        | Reached XP level 1. HP: 9/9 MP: 5/5
     2 | D        | Noticed Ijyb
    18 | D        | Killed Ijyb
    18 | D        | Reached skill level 1 in Fighting
    18 | D        | Reached skill level 1 in Armour
    18 | D        | Reached skill level 5 in Stealth
    18 | D        | Reached XP level 2. HP: 11/14 MP: 5/8
    49 | D        | Learned a level 2 spell: Ensorcelled Hibernation
    81 | D        | Noticed an ogre
    83 | D        | Killed an ogre
    83 | D        | Reached skill level 7 in Stealth
    83 | D        | Reached skill level 5 in Spellcasting
    83 | D        | Reached skill level 1 in Ice Magic
    83 | D        | Reached XP level 3. HP: 18/18 MP: 8/10
    83 | D        | Reached XP level 4. HP: 23/23 MP: 9/12
    88 | D        | Learned a level 3 spell: Confuse
    92 | D        | Learned a level 3 spell: Tukima's Dance
    96 | D        | Learned a level 3 spell: Dazzling Spray
   209 | D        | Noticed Sigmund
   212 | D        | Killed Sigmund
   212 | D        | Reached skill level 5 in Short Blades
   212 | D        | Reached skill level 9 in Stealth
   212 | D        | Reached skill level 1 in Conjurations
   212 | D        | Reached skill level 5 in Hexes
   212 | D        | Reached XP level 5. HP: 27/27 MP: 13/15
   212 | D        | Reached XP level 6. HP: 32/32 MP: 13/16
   237 | D        | Found a snail-covered altar of Cheibriados.
   237 | D        | Found a viscous altar of Jiyva.
   237 | D        | Found a shadowy altar of Dithmenos.
   237 | D        | Found a blossoming altar of Fedhas.
   237 | D        | Noticed a slime creature
   240 | D        | Killed a slime creature
   240 | D        | Reached skill level 10 in Stealth
   244 | D        | Became a worshipper of Dithmenos the Shadowed
   264 | D        | Found a deep blue altar of Sif Muna.
   266 | D        | Found a radiant altar of Vehumet.
   329 | D        | Found Cez Dio's Food Emporium.
   329 | D        | Found a white marble altar of Elyvilon.
   329 | D        | Found a stormy altar of Qazlal.
   329 | D        | Found a burning altar of Makhleb.
   329 | D        | Found a sacrificial altar of Ru.
   329 | D        | Found an oddly glowing altar of Pakellas.
   329 | D        | Found a basalt altar of Yredelemnul.
   329 | D        | Found a glowing golden altar of the Shining One.
   329 | D        | Found a sparkling altar of Nemelex Xobeh.
   329 | D        | Found a shimmering altar of Xom.
   329 | D        | Found an opulent altar of Gozag.
   329 | D        | Found an ancient bone altar of Kikubaaqudgha.
   329 | D        | Found a glowing silver altar of Zin.
   329 | D        | Noticed a yak
   330 | D        | Found an iron altar of Okawaru.
   331 | D        | Killed a yak
   331 | D        | Reached skill level 1 in Invocations
   331 | D        | Reached XP level 7. HP: 36/36 MP: 17/19
   332 | D        | Found a bloodstained altar of Trog.
   344 | D        | Noticed Sonja
   349 | D        | Killed Sonja
   349 | D        | Reached * piety under Dithmenos
   349 | D        | Reached skill level 10 in Dodging
   349 | D        | Reached skill level 11 in Stealth
   349 | D        | Reached XP level 8. HP: 42/42 MP: 18/22
   363 | D        | Found Judy's Distillery.
   385 | D        | Noticed a deep troll
   389 | D        | Killed a deep troll
   389 | D        | Reached skill level 12 in Stealth
   399 | D        | Found Nuopuidd's Armour Emporium.
   421 | D        | Noticed a centaur warrior
   422 | D        | Noticed a centaur warrior
   424 | D        | Killed a centaur warrior
   424 | D        | Reached skill level 13 in Stealth
   424 | D        | Reached skill level 10 in Spellcasting
   424 | D        | Reached XP level 9. HP: 46/46 MP: 22/24
   426 | D        | Killed a centaur warrior
   426 | D        | Reached ** piety under Dithmenos
   426 | D        | Reached skill level 5 in Fighting
   454 | D        | Noticed an oklob plant
   456 | D        | Killed an oklob plant
   456 | D        | Reached skill level 10 in Short Blades
   456 | D        | Reached skill level 14 in Stealth
   464 | D        | Reached skill level 5 in Ice Magic
   494 | D        | Reached *** piety under Dithmenos
   494 | D        | Reached XP level 10. HP: 51/51 MP: 26/26
   502 | D        | Noticed an unseen horror
   502 | D        | Noticed an unseen horror
   507 | D        | Killed an unseen horror
   507 | D        | Reached skill level 5 in Armour
   512 | D        | Killed an unseen horror
   557 | D        | Killed a gargoyle
   589 | D        | Reached **** piety under Dithmenos
   589 | D        | Reached skill level 15 in Stealth
   605 | D        | Reached ***** piety under Dithmenos
   814 | D        | Found Meimo's Food Shoppe.
   819 | D        | Found Gocinnuo's Magic Scroll Boutique.
   854 | D        | Found Mycsixyn's Distillery.
   856 | D        | Found Neyn's Assorted Antiques.
   856 | D        | Found Nessuv Veol's Book Shop.
   856 | D        | Found Qoalugopn's Armour Shoppe.
   856 | D        | Found Ocot's Antique Armour Boutique.
   856 | D        | Found Gompyabe's Food Emporium.
   856 | D        | Found Pexkadog's Jewellery Shop.
   856 | D        | Found Xemeidumn's Gadget Shoppe.
   860 | D        | Bought a scroll of identify for 26 gold pieces
   860 | D        | Bought a scroll of enchant weapon for 97 gold pieces
   860 | D        | Bought a scroll of remove curse for 39 gold pieces
   865 | D        | Bought a scroll of identify for 26 gold pieces
   865 | D        | Bought a scroll of identify for 26 gold pieces
   867 | D        | Found Zitsyvak's Weapon Boutique.
   868 | D        | Bought a leatherbound book for 390 gold pieces
   868 | D        | Found Wisoivisch's Gadget Emporium.
   868 | D        | Found Lyocs's Antique Weapon Boutique.
   869 | D        | Found Cyrerphua's Antique Weapon Emporium.
   877 | D        | Bought a twisted rapier for 243 gold pieces
   877 | D        | Identified the +11 rapier "Arbiter" {elec, *Corrode rN++ Str+6} (You bought it in a shop in the Dungeon)
   887 | D        | Bought a book of Spatial Translocations for 715 gold pieces
   904 | D        | Learned a level 2 spell: Shroud of Golubria
   909 | D        | Learned a level 4 spell: Passage of Golubria
   911 | D        | Learned a level 1 spell: Apportation
  1083 | D        | Reached skill level 1 in Charms
  1083 | D        | Reached skill level 1 in Translocations
  1175 | D        | Reached skill level 5 in Conjurations
  1176 | D        | Reached ****** piety under Dithmenos
  1375 | D        | Noticed a lindwurm
  1377 | D        | Killed a lindwurm
  1377 | D        | Reached skill level 16 in Stealth
  1377 | D        | Reached XP level 11. HP: 56/56 MP: 28/28
  1478 | D        | Reached skill level 15 in Dodging
  1527 | D        | Noticed a 12-headed hydra
  1529 | D        | Killed a 12-headed hydra
  1529 | D        | Reached skill level 10 in Hexes
  1529 | D        | Reached skill level 5 in Charms
  1558 | D        | Noticed a daeva
  1561 | D        | Noticed an unseen horror
  1561 | D        | Noticed an unseen horror
  1561 | D        | Noticed an unseen horror
  1562 | D        | Noticed an unseen horror
  1564 | D        | Killed an unseen horror
  1566 | D        | Killed an unseen horror
  1566 | D        | Reached skill level 17 in Stealth
  1567 | D        | Noticed an unseen horror
  1568 | D        | Killed an unseen horror
  1571 | D        | Killed an unseen horror
  1571 | D        | Reached skill level 5 in Translocations
  1574 | D        | Killed an unseen horror
  1637 | D        | Noticed a fire giant
  1642 | D        | Noticed a fire giant
  1642 | D        | Noticed a fire giant
  1642 | D        | Noticed a fire giant
  1643 | D        | Killed a fire giant
  1645 | D        | Killed a fire giant
  1645 | D        | Reached XP level 12. HP: 63/63 MP: 21/31
  1647 | D        | Killed a fire giant
  1647 | D        | Reached skill level 18 in Stealth
  1649 | D        | Killed a fire giant
  1660 | D        | Noticed Tiamat
  1914 | D        | Noticed a lorocyproca
  1915 | D        | Noticed Norris
  1934 | D        | Killed a lorocyproca
  2364 | D        | Bought a scroll of remove curse for 39 gold pieces
  2411 | D        | Gained mutation: You are frail (-10% HP). [a shining eye]
  2440 | D        | Reached skill level 15 in Spellcasting
  2445 | D        | Gained mutation: Your magical capacity is low (-10% MP). [a shining eye]
  2450 | D        | Gained mutation: Your flesh is heat resistant. [a shining eye]
  2452 | D        | Gained mutation: You are resistant to hostile enchantments. [a shining eye]
  2595 | D        | Reached skill level 19 in Stealth
  2597 | D        | Found Caveaw's Magic Scroll Shop.
  2597 | D        | Found Kupaoky's Food Emporium.
  2597 | D        | Found Tonn's Food Boutique.
  2598 | D        | Found Xiepe's Armour Shoppe.
  2613 | D        | Bought a scroll of enchant armour for 105 gold pieces
  2673 | D        | Bought a cloak for 99 gold pieces
  2853 | D        | Noticed a shadow dragon
  2853 | D        | Noticed a golden dragon
  2855 | D        | Killed a golden dragon
  2856 | D        | Killed a shadow dragon
  2856 | D        | Reached XP level 13. HP: 61/61 MP: 25/30
  2935 | D        | Found Zobo's Antique Armour Shoppe.
  2953 | D        | Bought a glowing cloak for 121 gold pieces
  3093 | D        | Got the Orb of Zot
  3096 | D        | Noticed Lom Lobon
  3173 | D        | Escaped with the Orb!

Vault maps used:
D:        dungeon_sprint_1

Skill      XL: |  1  2  3  4  5  6  7  8  9 10 11 12 |
---------------+-------------------------------------+-----
Fighting       | 1 2 3 4 5 6 7 |  7.9
Short Blades   | 2 4 5 6 7 9 10 11 13 14 | 14.4
Armour         | 1 2 3 4 5 6 7 |  7.3
Dodging        | 4 6 7 9 10 12 13 14 16 17 | 17.9
Stealth        | 5 7 9 10 11 13 14 16 17 19 | 19.5
Spellcasting   | 4 5 6 8 9 10 11 12 14 15 | 15.8
Hexes          | 4 5 6 7 8 9 10 11 | 11.8
Ice Magic      | 1 2 3 4 5 6 7 |  7.8
Conjurations   | 1 2 3 4 5 6 7 |  7.0
Invocations    | 1 2 |  2.6
Charms         | 3 6 9 |  9.2
Translocations | 3 6 8 |  8.7

Action                   |  1- 3 |  4- 6 |  7- 9 | 10-12 | 13-15 || total
-------------------------+-------+-------+-------+-------+-------++-------
Melee: Dagger            |    13 |     4 |     9 |    31 |       ||    57
       Rapier            |       |       |       |    72 |       ||    72
 Fire: Shortbow          |       |       |       |     1 |       ||     1
 Cast: Corona            |     2 |       |       |       |       ||     2
       Ensorcelled Hiber |       |     4 |     2 |    17 |       ||    23
       Dazzling Spray    |       |       |       |    24 |       ||    24
       Confuse           |       |       |       |     3 |       ||     3
       Passage of Golubr |       |       |       |       |     2 ||     2
Invok: Shadow Step       |       |       |       |     5 |       ||     5
  Use: Scroll            |       |       |       |    11 |     1 ||    12
       Potion            |       |       |       |     2 |       ||     2
 Stab: Sleeping          |     2 |     4 |     9 |    48 |       ||    63
       Invisible         |       |       |       |     4 |       ||     4
       Confused          |       |       |       |     1 |       ||     1
Armor: Robe              |     1 |       |       |     4 |       ||     5
Dodge: Dodged            |     9 |     2 |     1 |    91 |       ||   103
